Map: Winter Madness LE

Players

HeroMarine - Winner!

  • Race: Terran Terran
  • Spawn Location: 11:00

Harstem

  • Race: Protoss Protoss
  • League: Grandmaster
  • Spawn Location: 5:00

VOD

Have the link to the VOD?

Description

Time

  • Played on: Jan. 31, 2026, 9:33 a.m.
  • Length: 6:47
Show
View Real Time Build Order
Export as new Build Order

HeroMarine Terran - Winner!

Build Orders: 1/1/1, Cyclone Opening 

Get SALT Encoding   

  12  0:00  SCV  
  13  0:12  SCV  
  14  0:17  Supply Depot  
  14  0:24  SCV  
  15  0:38  SCV  
  15  0:39  Barracks  
  15  0:42  Refinery  
  16  0:50  SCV  
  16  0:52  Refinery  
  17  1:03  SCV  
  18  1:15  SCV  
  19  1:26  Reaper  
  19  1:27  Orbital Command  
  20  1:39  Factory  
  20  1:43  Supply Depot  
  20  1:52  SCV  
  21  1:59  Barracks Reactor  
  21  2:04  SCV  
  22  2:15  Command Center  
  22  2:16  SCV  
  23  2:25  Starport  
  23  2:28  SCV  
  24  2:33  Factory Tech Lab  
  24  2:36  Supply Depot  
  24  2:41  SCV  
  25  2:51  Cyclone  
  28  2:53  SCV  
  28  2:57  Marine x2  
  31  3:05  SCV  
  32  3:08  Medivac  
  34  3:14  Marine  
  34  3:15  Marine  
  34  3:17  SCV  
  37  3:27  Barracks  
  37  3:30  Factory Tech Lab  
  37  3:31  Orbital Command  
  37  3:33  SCV  
  38  3:44  Stimpack  
  38  3:45  Marine, SCV  
  40  3:48  Barracks  
  40  3:56  Siege Tank  
  40  4:02  Supply Depot  
  43  4:04  SCV x2  
  43  4:06  Marine  
  46  4:16  SCV x2  
  47  4:24  Marine x3  
  46  4:28  Supply Depot, SCV x2, Siege Tank  
  55  4:40  SCV x2  
  55  4:41  Medivac, Marine  
  55  4:42  Marine x2  
  61  4:49  Marine  
  61  4:52  SCV x2  
  64  4:59  Marine x2  
  65  5:00  Marine  
  65  5:04  SCV  
  65  5:05  SCV  
  65  5:06  Marine  
  70  5:07  Supply Depot  
  70  5:10  Siege Tank  
  73  5:16  SCV  
  73  5:17  SCV, Marine x3, Supply Depot  
  78  5:28  Marine, Medivac  
  78  5:29  SCV  
  78  5:35  Marine x3  
  76  5:46  Marine  
  76  5:53  Marine x3  
  77  5:59  Siege Tank  
  76  6:04  Marine  
  76  6:11  Marine x3  
  78  6:12  Medivac  
  78  6:14  Bunker, SCV  
  76  6:19  SCV  
  76  6:22  Marine  
  74  6:26  SCV  
  74  6:28  Marine x2  
  74  6:29  Marine  
  74  6:32  SCV  
Show
View Real Time Build Order
Export as new Build Order

Harstem Protoss 

Build Orders: 1 Gate Expand, Phoenix Opening, Blink Stalkers 

Get SALT Encoding   

  12  0:00  Probe  
  13  0:12  Probe  
  14  0:17  Pylon  
  14  0:24  Probe  
  15  0:32  Probe  
  15  0:35  Gateway  
  15  0:40  Probe  
  16  0:45  Assimilator  
  17  0:51  Probe  
  18  1:03  Probe  
  19  1:15  Probe  
  20  1:20  Nexus  
  20  1:29  Cybernetics Core  
  20  1:32  Probe  
  21  1:37  Assimilator  
  21  1:44  Probe  
  22  1:47  Pylon  
  22  1:55  Adept  
  22  1:56  Probe  
  23  2:05  Warp Gate  
  26  2:08  Probe  
  25  2:16  Adept, Twilight Council  
  25  2:20  Probe  
  28  2:32  Probe x2  
  30  2:43  Probe  
  30  2:44  Stalker, Probe  
  30  2:51  Blink, Probe  
  34  2:57  Probe  
  36  2:58  Gateway  
  36  2:59  Probe  
  37  3:09  Probe  
  37  3:11  Probe  
  39  3:20  Gateway  
  39  3:21  Probe  
  39  3:24  Probe  
  41  3:32  Robotics Facility  
  41  3:33  Probe  
  42  3:35  Phoenix  
  42  3:36  Probe  
  42  3:39  Pylon  
  43  3:45  Probe  
  44  3:55  Sentry  
  44  3:57  Probe  
  44  3:58  Pylon  
  44  4:01  Stalker  
  48  4:12  Probe  
  48  4:15  Stalker  
  51  4:21  Stalker  
  51  4:23  Probe  
  54  4:35  Pylon  
  54  4:38  Nexus  
  54  4:50  Assimilator  
  54  4:52  Robotics Bay  
  54  4:53  Observer, Probe x2  
  54  4:54  Assimilator, Stalker  
  54  4:55  Forge  
  54  4:58  Pylon  
  59  5:05  Probe  
  59  5:06  Stalker  
  62  5:09  Pylon  
  62  5:13  Probe  
  62  5:14  Probe  
  62  5:19  Pylon  
  62  5:20  Stalker  
  66  5:21  Probe  
  66  5:22  Probe  
  68  5:31  Probe  
  69  5:35  Stalker  
  69  5:36  Stalker  
  69  5:41  Disruptor  
  67  5:47  Probe  
  67  5:49  Probe  
  65  5:50  Probe  
  65  5:53  Stalker  
  65  5:56  Shield Battery  
  70  6:04  Stalker x2  
  70  6:05  Probe  
  70  6:06  Probe  
  70  6:07  Gateway  
  70  6:08  Probe  
  65  6:20  Stalker  
  65  6:27  Stalker x2  
Tags
 
Add a new tag
Caveats
  • Supply blocks, unpowered buildings, or Contaminate may cause inaccurate times.
  • Supply counts are checked every 10 seconds.